Map: Dusk Towers

Players

ILLBdA

  • Race: Protoss Protoss
  • League: Diamond

BeMan - Winner!

  • Race: Terran Terran
  • League: Diamond

VOD

Have the link to the VOD?

Description

Time

  • Played on: Dec. 27, 2015, 1:09 p.m.
  • Length: 5:32
Show
View Real Time Build Order
Export as new Build Order

ILLBdA Protoss 

Build Orders: 1 Gate Expand, Oracle Opening 

Get SALT Encoding   

  12  0:01  Probe (Chrono Boost)  
  13  0:11  Probe (Chrono Boost)  
  14  0:20  Pylon  
  14  0:22  Probe (Chrono Boost)  
  15  0:38  Probe (Chrono Boost), Gateway  
  15  0:42  Assimilator  
  16  0:49  Probe (Chrono Boost)  
  17  0:59  Probe (Chrono Boost)  
  18  1:10  Probe (Chrono Boost)  
  19  1:21  Nexus  
  19  1:24  Probe (Chrono Boost)  
  20  1:35  Cybernetics Core  
  20  1:38  Assimilator  
  20  1:41  Probe (Chrono Boost)  
  21  1:49  Pylon  
  21  1:52  Probe (Chrono Boost)  
  22  2:02  Probe (Chrono Boost)  
  23  2:11  Adept (Chrono Boost)  
  23  2:13  Mothership Core  
  23  2:14  Warp Gate (Chrono Boost)  
  27  2:32  Probe  
  27  2:34  Probe, Forge  
  29  2:39  Stalker (Chrono Boost)  
  31  2:44  Probe  
  32  2:52  Probe  
  32  2:55  Probe, Stargate  
  34  3:04  Probe  
  35  3:16  Pylon  
  35  3:20  Pylon  
  35  3:22  Pylon  
  35  3:24  Stalker (Chrono Boost)  
  37  3:31  Pylon  
  37  3:41  Oracle (Chrono Boost)  
  37  3:44  Probe  
  40  4:06  Probe  
  40  4:08  Probe  
  42  4:13  Oracle (Chrono Boost)  
  45  4:22  Stalker, Nexus  
  47  4:30  Probe  
  33  4:46  Stalker, Probe  
  33  4:47  Probe  
  37  4:57  Phoenix (Chrono Boost)  
  35  5:07  Photon Cannon  
  35  5:13  Probe  
  36  5:14  Probe  
Show
View Real Time Build Order
Export as new Build Order

BeMan Terran - Winner!

Build Orders: 1/1/1, Widow Mine Drop 

Get SALT Encoding   

  12  0:01  SCV  
  13  0:13  SCV  
  14  0:19  Supply Depot  
  14  0:25  SCV  
  14  0:28  Refinery  
  15  0:41  SCV  
  16  0:45  Barracks  
  16  0:53  SCV  
  17  0:58  Supply Depot  
  17  1:07  SCV  
  18  1:19  SCV  
  19  1:32  Factory  
  19  1:33  Orbital Command  
  19  1:38  Marine  
  20  1:55  Marine  
  20  1:59  SCV  
  22  2:11  SCV  
  23  2:18  Starport, Widow Mine  
  25  2:23  Supply Depot, Refinery  
  25  2:24  SCV  
  25  2:29  Bunker, Marine  
  27  2:36  SCV  
  28  2:47  Marine, Widow Mine  
  28  2:48  SCV  
  32  2:51  Engineering Bay  
  32  2:58  Medivac  
  34  3:01  SCV  
  34  3:04  Supply Depot  
  35  3:12  Marine  
  36  3:15  Widow Mine  
  38  3:22  SCV  
  38  3:26  Missile Turret  
  39  3:52  Factory Tech Lab  
  39  3:53  Barracks Tech Lab  
  39  3:54  SCV  
  38  3:56  Supply Depot  
  38  3:57  Supply Depot  
  35  4:11  Siege Tank  
  35  4:13  Marauder  
  39  4:21  SCV  
  39  4:33  SCV  
  39  4:38  Marauder  
  42  4:39  Viking  
  44  4:46  SCV  
  43  4:57  Siege Tank  
  45  5:04  SCV  
  45  5:05  Marine  
  47  5:10  Barracks  
  44  5:17  SCV  
  45  5:21  Supply Depot  
Tags
 
Add a new tag
Caveats
  • Supply blocks, unpowered buildings, or Contaminate may cause inaccurate times.
  • Supply counts are checked every 10 seconds.